 Dungeon Crawl Stone Soup version 0.31-a0-214-gb37851dbb3 (webtiles) character file.

Game seed: 3173698358497282778

499 qw the Shield-Bearer (level 7, -3/43 HPs)
             Began as a Gargoyle Fighter on July 1, 2023.
             Was an Initiate of Okawaru.
             Slain by a black bear (10 damage)
             ... on level 5 of the Dungeon.
             The game lasted 00:01:44 (3096 turns).

qw the Shield-Bearer (Gargoyle Fighter)             Turns: 3096, Time: 00:01:44

Health: -3/43      AC: 19    Str: 22    XL:     7   Next: 16%
Magic:  7/7        EV:  7    Int:  8    God:    Okawaru [......]
Gold:   212        SH:  8    Dex:  9    Spells: 6/6 levels left

rFire   . . .        Y - +0 war axe
rCold   . . .        r - +0 kite shield
rNeg    + . .        c - +0 chain mail
rPois   inf          (no helmet)
rElec   +            (no cloak)
rCorr   .            k - +0 pair of gloves
SInv    .            (no boots)
Will    .....        e - amulet of faith Stlth
                     i - +4 ring of protection
HPRegen 0.27/turn    (no ring)
MPRegen 0.10/turn

%: faith
@: no status effects
A: sickness immunity, AC +4, negative energy resistance 1, electricity
resistance, torment resistance 1, petrification resistance
a: Renounce Religion


You were on level 5 of the Dungeon.
You worshipped Okawaru.
Okawaru was noncommittal.
You visited 2 branches of the dungeon, and saw 6 of its levels.

You collected 212 gold pieces.


Innate Abilities, Weirdness & Mutations

You are immune to sickness and miasma.
Your stone body is resilient. (AC +4)
You are immune to poison.
You resist negative energy. (rN+)
You are resistant to electric shocks. (rElec)
You are resistant to unholy torment.
You are immune to petrification.


   Skills:
 - Level 4.0 Fighting
 + Level 5.4 Axes
 - Level 3.2 Armour
 - Level 5.5 Shields


You had 6 spell levels left.
You didn't know any spells.
Your spell library was empty.

Inventory:

Hand Weapons
 g - a +2 flail of protection
 Y - a +0 war axe (weapon)
Missiles
 v - 3 boomerangs (quivered)
Armour
 c - a +0 chain mail (worn)
 k - a +0 pair of gloves (worn)
 r - a +0 kite shield (worn)
Jewellery
 e - an amulet of faith (around neck)
 i - a +4 ring of protection (left hand)
 p - a ring of fire
Scrolls
 a - a scroll of teleportation
 l - a scroll of identify
Potions
 d - a potion of might
 f - a potion of enlightenment
 j - a potion of mutation {unknown}
 n - a potion of berserk rage {unknown}
 u - a potion of invisibility {unknown}

Dungeon Overview and Level Annotations

Branches:
Dungeon (5/15)             Temple (1/1) D:5

Altars:
Ashenzari
Dithmenos
Gozag
Hepliaklqana
Kikubaaqudgha
Nemelex Xobeh
Okawaru
Sif Muna
Trog
Xom
Zin

Shops:
D:2 =

Annotations:
D:5 Grinder


Message History

The black bear is moderately wounded.
You hit the iguana. You closely miss Grinder.
The iguana bites you but does no damage.
Grinder hits you.
You writhe in agony.
The black bear bites you but does no damage.
The black bear claws you but does no damage. x2
You slash the iguana!
You kill the iguana!
Okawaru accepts your kill.
You slash the black bear! You hit Grinder but do no damage.
Grinder gestures at you.
You suddenly lose the ability to move!
The black bear bites you.
The black bear claws you but does no damage. x2
Grinder gestures at you.
You shrug off the repeated paralysis!
The black bear bites you but does no damage.
The black bear claws you but does no damage. x2
Grinder hits you.
The black bear bites you but does no damage.
The black bear claws you but does no damage.
The black bear claws you. Grinder hits you. The black bear bites you.
The black bear claws you but does no damage. x2
You can move again.
You slash the black bear!
The black bear is almost dead.
You closely miss Grinder.
Grinder says, "Tell me all your secrets, or I'll kill you."
Grinder closely misses you.
The black bear goes berserk!
Grinder hits you.
The black bear bites you but does no damage.
The black bear claws you but does no damage.
You block the black bear's attack.
You hit the black bear.
The black bear is almost dead.
You slash Grinder! You block the black bear's attack. The black bear claws you.
The black bear claws you but does no damage.
Grinder says, "FISH!"
Grinder hits you but does no damage. The black bear bites you!
You die...

......(.........#
##'#.###.#.####.# ..
...#...#.#.# ...
...###.#.#.##########...
#..###.#.#.............#
...................$..>#
.#...#.#.#..............
.#...#.#.#......5h.#####
.##..#.#.#......@..#
..#..#.#.#.....%...#
..##...#.#......####
.....#.#.#..#...#
.###.....#..#...
##......%#. ....
........<# .....
.........#......
...#######


You could see Grinder and a black bear (berserk).

Vanquished Creatures
  2 scorpions
  A howler monkey (D:4)
  2 hounds (D:5)
  A jelly (D:5)
  An orc priest (D:4)
  A sleepcap (D:3)
  An iguana (D:5)
  2 orc wizards
  5 adders
  A worm (D:3)
  9 orcs
  7 ball pythons
  A bat (D:2)
  6 endoplasms
  A giant cockroach (D:3)
  13 goblins
  6 hobgoblins
  2 jackals (D:4)
  2 quokkas
  2 frilled lizards
  3 kobolds
  3 rats (D:2)
72 creatures vanquished.

Notes
Turn   | Place    | Note
-------+----------+-------------------------------------------
     0 | D:1      | qw the Gargoyle Fighter began the quest for the Orb.
     0 | D:1      | Reached XP level 1. HP: 14/14 MP: 1/1
     0 | D:1      | 0 ||| qw: Version: 0.3-a-32-g5962c71
     0 | D:1      | 0 ||| qw: Game counter: 7393
     0 | D:1      | 0 ||| qw: Melee chars always use a shield: true
     0 | D:1      | 0 ||| qw: God list: Okawaru
     0 | D:1      | 0 ||| qw: Allow faded altars: false
     0 | D:1      | 0 ||| qw: Do Orc after clearing Dungeon:15 true
     0 | D:1      | 0 ||| qw: Do second Lair branch before Depths: true
     0 | D:1      | 0 ||| qw: Lair rune preference: random
     0 | D:1      | 0 ||| qw: Goals: Normal, Zot:1-4, Slime:5, God:TSO, Crypt,
                  | Tomb, Abyss, Pan, Hells, Win
     0 | D:1      | 0 ||| PLANNING D:1-11
   462 | D:1      | Reached XP level 2. HP: 19/19 MP: 2/2
   625 | D:1      | 625 ||| UPGRADING to +0 pair of gloves.
   630 | D:1      | 630 ||| UPGRADING to +4 ring of protection.
   631 | D:1      | 631 ||| READING scroll labelled RIUD FIFUCO.
   634 | D:1      | 634 ||| READING scroll labelled IQELYL UPOTO.
   635 | D:1      | 635 ||| DRINKING 2 metallic golden potions.
   693 | D:2      | 693 ||| Stepping ~*~*~tactically~*~*~ (stealth).
   698 | D:2      | Reached skill level 3 in Axes
   732 | D:2      | Reached XP level 3. HP: 20/23 MP: 3/3
   745 | D:2      | 745 ||| Stepping ~*~*~tactically~*~*~ (stealth).
   750 | D:2      | 750 ||| FLEEEEING.
   751 | D:2      | 751 ||| FLEEEEING.
   752 | D:2      | 752 ||| FLEEEEING.
   936 | D:2      | Found Xityor's Jewellery Shoppe.
   944 | D:2      | 944 ||| SHOPLISTING +5 ring of evasion (360 gold, have
                  | 109).
   944 | D:2      | 944 ||| SHOPLISTING +6 ring of strength (360 gold, have
                  | 109).
   944 | D:2      | 944 ||| SHOPLISTING ring of Toacverr {rPois rC+ rN+ Str-3
                  | Int+3} (382 gold, have 109).
   944 | D:2      | 944 ||| SHOPLISTING ring of ice (250 gold, have 109).
   944 | D:2      | 944 ||| SHOPLISTING ring of willpower (250 gold, have 109).
  1042 | D:2      | 1042 ||| UPGRADING to amulet of faith.
  1047 | D:2      | 1047 ||| READING scroll labelled CIULIX OLITU.
  1048 | D:2      | 1048 ||| READING scroll labelled USKETE MASTRYU.
  1053 | D:3      | 1053 ||| PLANNING SEWER
  1071 | D:3      | Found a faded altar of an unknown god.
  1144 | D:3      | Found an ancient bone altar of Kikubaaqudgha.
  1666 | D:3      | Reached XP level 4. HP: 28/28 MP: 4/4
  1736 | D:3      | 1736 ||| FLEEEEING.
  1751 | D:3      | 1751 ||| RIP SEWER
  1752 | D:3      | 1752 ||| PLANNING D:1-11
  1755 | D:3      | 1755 ||| FLEEEEING.
  1756 | D:3      | 1756 ||| FLEEEEING.
  1757 | D:3      | 1757 ||| FLEEEEING.
  1989 | D:3      | 1989 ||| Stepping ~*~*~tactically~*~*~ (stealth).
  1990 | D:3      | 1990 ||| Stepping ~*~*~tactically~*~*~ (stealth).
  2008 | D:3      | 2008 ||| UPGRADING to +0 kite shield.
  2018 | D:3      | 2018 ||| DROPPING +0 buckler.
  2030 | D:3      | 2030 ||| READING scroll labelled ZELOUNGABEV.
  2031 | D:3      | 2031 ||| READING scroll labelled LETSUU ISAD.
  2032 | D:3      | 2032 ||| READING scroll labelled GOONOU COHELURPHAR.
  2034 | D:3      | 2034 ||| Stepping ~*~*~tactically~*~*~ (water).
  2085 | D:3      | 2085 ||| READING scroll labelled HASUUT YGE.
  2086 | D:3      | 2086 ||| READING 3 scrolls of identify.
  2086 | D:3      | 2086 ||| IDENTIFYING green potion
  2087 | D:3      | 2087 ||| READING 2 scrolls of identify.
  2087 | D:3      | 2087 ||| IDENTIFYING murky puce potion
  2088 | D:3      | 2088 ||| DROPPING potion of degeneration.
  2108 | D:4      | 2108 ||| STAIRDANCE
  2113 | D:3      | Reached XP level 5. HP: 27/32 MP: 5/5
  2134 | D:4      | 2134 ||| Stepping ~*~*~tactically~*~*~ (hiding).
  2206 | D:4      | 2206 ||| DROPPING +0 flail.
  2207 | D:4      | 2207 ||| DROPPING +0 mace.
  2239 | D:4      | 2239 ||| Stepping ~*~*~tactically~*~*~ (stealth).
  2241 | D:4      | 2241 ||| Stepping ~*~*~tactically~*~*~ (hiding).
  2249 | D:4      | 2249 ||| Stepping ~*~*~tactically~*~*~ (stealth).
  2250 | D:4      | 2250 ||| Stepping ~*~*~tactically~*~*~ (stealth).
  2266 | D:4      | 2266 ||| FLEEEEING.
  2267 | D:4      | 2267 ||| FLEEEEING.
  2268 | D:4      | 2268 ||| FLEEEEING.
  2269 | D:4      | 2269 ||| FLEEEEING.
  2304 | D:4      | HP: 6/32 [orc priest/nerve-wracking pain (3)]
  2305 | D:4      | 2305 ||| DRINKING potion of heal wounds.
  2431 | D:4      | 2431 ||| Stepping ~*~*~tactically~*~*~ (stealth).
  2432 | D:4      | 2432 ||| Stepping ~*~*~tactically~*~*~ (stealth).
  2433 | D:4      | 2433 ||| Stepping ~*~*~tactically~*~*~ (stealth).
  2466 | D:4      | Reached XP level 6. HP: 37/37 MP: 6/6
  2847 | D:4      | 2847 ||| UPGRADING to +0 chain mail.
  2857 | D:4      | 2857 ||| DROPPING +0 scale mail.
  2858 | D:4      | 2858 ||| READING 2 scrolls of identify.
  2858 | D:4      | 2858 ||| IDENTIFYING golden potion
  2859 | D:4      | 2859 ||| DROPPING potion of brilliance.
  2880 | D:5      | Entered Level 5 of the Dungeon
  2897 | D:5      | Found a staircase to the Ecumenical Temple.
  2898 | D:5      | 2898 ||| PLANNING TEMPLE
  2906 | Temple   | Entered the Ecumenical Temple
  2957 | Temple   | 2957 ||| PLANNING OKAWARU WORSHIP
  2995 | Temple   | Became a worshipper of Warmaster Okawaru
  2996 | Temple   | 2996 ||| PLANNING D:1-11
  3038 | D:5      | 3038 ||| Stepping ~*~*~tactically~*~*~ (stealth).
  3040 | D:5      | 3040 ||| Stepping ~*~*~tactically~*~*~ (stealth).
  3054 | D:5      | Reached XP level 7. HP: 40/43 MP: 7/7
  3079 | D:5      | Noticed Grinder
  3079 | D:5      | Paralysed by Grinder for 2 turns
  3091 | D:5      | Paralysed by Grinder for 4 turns
  3096 | D:5      | HP: 7/43 [black bear (5)]
  3096 | D:5      | Slain by a black bear

Levels and vault maps discovered:
D:1:      dpeg_arrival_renting, layout_loops_ring
D:2:      layout_rooms, serial_shops, nicolae_shop_pleasant_corner_grove
D:3:      layout_basic, mainiacjoe_overflow_alcove_2,
          ebering_ecumenical_altar_petrified, cheibrodos_sewer_entry_bend,
          reono_crystal_passage
D:4:      layout_cave_pools, minmay_goblin_outpost
D:5:      layout_basic, minmay_temple_entry_slanted, serial_shops,
          nicolae_book_shop_shelving, amcnicky_mini_corridor_feature,
          uniq_grinder
Temple:   compressed_dpeg_circular_temple

Skill      XL: |  1  2  3  4  5  6 |
---------------+-------------------+-----
Axes           | 2 3 4 5 |  5.4
Shields        | 5 |  5.5
Fighting       | 4 |  4.0
Armour         | |  3.2

Action                     |  1- 3 |  4- 6 |  7- 9 || total
---------------------------+-------+-------+-------++-------
  Melee: War axe           |    93 |   128 |    10 ||   231
  Throw: Boomerang         |       |    39 |       ||    39
    Use: Scroll            |     4 |     7 |       ||    11
         Potion            |     1 |     1 |       ||     2
 Armour: Scale mail        |    55 |    81 |       ||   136
         Chain mail        |       |    11 |    35 ||    46
  Dodge: Dodged            |    42 |    46 |     3 ||    91
  Block: Buckler           |    22 |     3 |       ||    25
         Kite shield       |       |    56 |     9 ||    65

Table legend:
 A = Non-vault XP
 B = Vault XP
 C = Vault XP percentage of total XP
 D = Non-vault monster count
 E = Vault monster count
 F = Vault count percentage of total count
                 A         B        C        D         E       F
            +---------+---------+-------+---------+---------+-------
      Total |     697 |      16 |   2.2 |      65 |       7 |   9.7
            +---------+---------+-------+---------+---------+-------
        D:1 |      11 |       0 |   0.0 |       6 |       0 |   0.0
        D:2 |      47 |       0 |   0.0 |      15 |       0 |   0.0
        D:3 |     121 |       5 |   4.0 |      14 |       1 |   6.7
        D:4 |     266 |      11 |   4.0 |      25 |       6 |  19.4
        D:5 |     252 |       0 |   0.0 |       5 |       0 |   0.0
            +---------+---------+-------+---------+---------+-------
